 Dungeon Crawl Stone Soup version 0.31-a0-1-g4198be8af4 (webtiles) character file.

Game seed: 14726332238748305034

39 cforsyth the Covered (level 3, 0/33 HPs)
             Began as a Meteoran Fighter on May 2, 2023.
             Slain by a gnoll
             ... wielding a +0 spear
              (2 damage)
             ... on level 2 of the Dungeon.
             The game lasted 00:03:14 (664 turns).

cforsyth the Covered (Meteoran Fighter)              Turns: 664, Time: 00:03:14

Health: 0/33       AC:  7    Str: 20    XL:     3   Next: 97%
Magic:  4/4        EV:  5    Int:  9    God:
Gold:   58         SH:  0    Dex: 13    Spells: 2/2 levels left

rFire   . . .        a - +0 flail
rCold   . . .        c - +0 buckler
rNeg    . . .        b - +0 scale mail
rPois   .            (no helmet)
rElec   .            (no cloak)
rCorr   .            (no gloves)
SInv    .            (no boots)
Will    .....        (no amulet) Stlth
                     (no ring)
HPRegen 0.25/turn    (no ring)
MPRegen 0.09/turn

%: no passive effects
@: held, glowing
A: sense surroundings 1, otherworldly, glowing, explore regen
a: no special abilities


You were on level 2 of the Dungeon.
You visited 1 branch of the dungeon, and saw 3 of its levels.

You collected 58 gold pieces.

Inventory:

Hand Weapons
 a - a +0 flail (weapon)
Armour
 b - a +0 scale mail (worn)
 c - a +0 buckler (worn)
Scrolls
 e - a scroll of identify {unknown}
 g - a scroll of butterflies {unknown}
 h - a scroll of teleportation {unknown}
 i - a scroll of silence {unknown}
 k - a scroll of enchant armour {unknown}
 l - a scroll of noise {unknown}
Potions
 d - a potion of might
 f - a potion of haste {unknown}
 j - a potion of degeneration {unknown}


   Skills:
 + Level 3.7 Fighting
 + Level 3.4 Maces & Flails
 + Level 4.1 Armour
 + Level 4.1 Shields


You had 2 spell levels left.
You didn't know any spells.
Your spell library was empty.

Dungeon Overview and Level Annotations

Branches:
Dungeon (3/15) Zot: 1096

Altars:


Innate Abilities, Weirdness & Mutations

You passively map a small area around you.
You are easily found by Zot.
You glow in the dark.
You regain HP and MP as you explore.


Message History

The gnoll is heavily wounded.
The gnoll hits you but does no damage.
You are poisoned.
The gnoll closely misses you.
Unknown command.
* * * LOW HITPOINT WARNING * * *
You feel sick. You block the gnoll's attack.
There is an open door, spattered with blood here.
* * * LOW HITPOINT WARNING * * *
You feel sick.
* * * LOW HITPOINT WARNING * * *
You feel sick.
* * * LOW HITPOINT WARNING * * *
You feel sick.
* * * LOW HITPOINT WARNING * * *
You feel sick.
You open the door.
You feel sick. The gnoll closely misses you.
You feel sick. The bat hits you but does no damage.
There is an open door here.
You feel sick.
You are no longer poisoned.
Found 10 gold pieces.
You block the bat's attack. The bat barely misses you.
The bat attacks as you move away! The bat hits you.
* * * LOW HITPOINT WARNING * * *
The bat barely misses you. The bat barely misses you.
The bat hits you but does no damage. The bat attacks as you move away!
The bat hits you but does no damage. x2
Found a puce potion.
The gnoll throws a throwing net.
The throwing net hits you.
You become entangled in the net!
You see here a throwing net.
You struggle against the net.
The bat barely misses you. The gnoll barely misses you.
You struggle against the net.
The gnoll hits you from afar with a +0 spear!
* * * LOW HITPOINT WARNING * * *
You struggle against the net.
The bat hits you but does no damage.
The gnoll hits you from afar with a +0 spear.
You die...

#.# ##.g...## #.#
##...## *,* ..#
##g## * .## #.# #
#.# ##.## ,
##...####### ,
#....gg....#####! *
*##....bg.@.......
,..........##.######
####..#####*.# #..#
.# #..., .#
###.#*### ## #....
..# #.#.# #.# #.#.#
#.#


You could see 3 gnolls and a bat.

Vanquished Creatures
  A gnoll (D:2)
  A dart slug (D:1)
  5 ball pythons
  3 endoplasms
  3 giant cockroaches (D:1)
  3 goblins
  3 bats (D:1)
  2 frilled lizards (D:2)
  4 kobolds
  2 rats
27 creatures vanquished.

Vanquished Creatures (others)
  9 plants (D:1)
9 creatures vanquished.

Grand Total: 36 creatures vanquished

Notes
Turn   | Place    | Note
-------+----------+-------------------------------------------
     0 | D:1      | cforsyth the Meteoran Fighter began the quest for the Orb.
     0 | D:1      | Reached XP level 1. HP: 19/19 MP: 2/2
     9 | D:1      | You fall into a shaft and drop 1 floor!
   108 | D:1      | Reached XP level 2. HP: 26/26 MP: 3/3
   229 | D:1      | Reached XP level 3. HP: 29/31 MP: 2/4
   663 | D:2      | HP: 1/33 [gnoll/+0 spear (8)]
   664 | D:2      | Slain by a gnoll

Illustrated notes

Levels and vault maps discovered:
D:1:      evilmike_arrival_hilbert_curve, layout_loops_ring, serial_bayou,
          serial_bayou_lagoon_a, serial_bayou_pond_c, serial_bayou_pond_d,
          serial_bayou_lake_a
D:2:      layout_loops_corners
D:3:      layout_basic, gammafunk_ghost_grave

Skill      XL: |  1  2  3 |
---------------+----------+-----
Maces & Flails | 3 |  3.4
Shields        | 4 |  4.1
Armour         | 4 |  4.1
Fighting       | |  3.7

Action                     || total
---------------------------++-------
  Melee: Flail             ||    86
 Armour: Scale mail        ||    58
  Dodge: Dodged            ||    39
  Block: Buckler           ||    27

Table legend: (Time is in decaauts)
 A = Elapsed time spent in this place.
 B = Non-inter-level travel time spent in this place.
 C = Inter-level travel time spent in this place.
 D = Time resting spent in this place.
 E = Time spent auto-exploring this place.
 F = Levels seen in this place.
 G = Mean time per level.
                   A        B        C        D        E       F      G
               +--------+--------+--------+--------+--------+-----+--------+
         Total |    702 |    702 |      0 |      0 |      0 |   3 |  234.0 |
       Dungeon |    702 |    702 |      0 |      0 |      0 |   3 |  234.0 |
               +--------+--------+--------+--------+--------+-----+--------+

Top non-repeatable levels by time:
     D:1: 369 daAuts
     D:2: 258 daAuts
     D:3: 74 daAuts
